[Event "Romanian Open 2021"]
[Site "Alba Iulia"]
[Date "2021.11.22"]
[Round "2.10"]
[White "Maria, Lia-Alexandra"]
[Black "Tudor, Henry Edward"]
[Result "1-0"]
[ECO "B33"]
[WhiteElo "1784"]
[BlackElo "1753"]
[Annotator "NA RC"]
[PlyCount "107"]
[EventDate "2021.11.21"]
[EventType "swiss"]
[EventCountry "ROU"]
[SourceTitle "playchess.com"]
[Source "ChessBase"]
[SourceQuality "1"]
[TimeControl "5400+30"]

1. e4 c5 2. Nf3 Nc6 3. d4 cxd4 4. Nxd4 Nf6 5. Nc3 e5 6. Ndb5 d6 7. Bg5 a6 8. Na3 b5 9. Nd5 Be6 10. Bxf6 gxf6 11. c3 Rg8 12. Nc2 Rg6 13. Nce3 Bh6 14. a4 b4 15. a5 Bxe3 16. Nxe3 b3 17. Nc4 Bxc4 18. Bxc4 Rxg2 19. Qxb3 Rb8 20. Bxf7+ Kf8 21. Qa2 Nxa5 22. b4 Qc7 23. Kf1 Rg7 24. Bh5 Nc4 25. Be2 Rc8 26. Rd1 Qc6 27. Rd5 Nb6 28. Rd3 Qxe4 29. f3 Qc4 30. Qd2 d5 31. Qh6 Qc6 32. f4 Rcc7 33. fxe5 fxe5 34. Rf3+ Kg8 35. Qh4 Rc8 36. Bxa6 Ra8 37. Rg1 Qe6 38. Rf6 Rxg1+ 39. Kxg1 Qe7 40. Rg6+ hxg6 41. Qxe7 Rxa6 42. Qxe5 Kf7 43. b5 Ra1+ 44. Kg2 Nd7 45. Qxd5+ Ke7 46. b6 Ra6 47. b7 Rb6 48. c4 Rb2+ 49. Kg3 Rb3+ 50. Kh4 Rb4 51. Kg5 Rb6 52. c5 Rb5 53. Kxg6 Kd8 54. b8=Q+ 1-0

[Event "Romanian Open 2021"]
[Site "Alba Iulia"]
[Date "2021.11.22"]
[Round "2.11"]
[White "Arion, Ilie"]
[Black "Butolo, Alexandru-Mircea"]
[Result "0-1"]
[ECO "E11"]
[WhiteElo "1758"]
[BlackElo "1768"]
[Annotator "NA RC"]
[PlyCount "104"]
[EventDate "2021.11.21"]
[EventType "swiss"]
[EventCountry "ROU"]
[SourceTitle "playchess.com"]
[Source "ChessBase"]
[SourceQuality "1"]
[TimeControl "5400+30"]

1. d4 Nf6 2. c4 e6 3. g3 d5 4. Nf3 Bb4+ 5. Bd2 a5 6. Bxb4 axb4 7. Bg2 O-O 8. O-O Nc6 9. Qc2 Bd7 10. Nbd2 Qe7 11. e4 dxe4 12. Nxe4 Rfe8 13. Rfe1 Nxe4 14. Qxe4 Qf6 15. Ne5 Rad8 16. Rad1 Qe7 17. Qf4 Nxe5 18. Qxe5 c6 19. Qc7 Bc8 20. Qb6 e5 21. d5 cxd5 22. Rxd5 Rxd5 23. Bxd5 Kh8 24. Qb5 f6 25. Re3 Bh3 26. Qxb7 Qxb7 27. Bxb7 Re7 28. Bg2 Be6 29. Rd3 g6 30. b3 f5 31. c5 e4 32. Rd6 Kg7 33. Bf1 Kf7 34. Ba6 g5 35. c6 Rc7 36. Bb7 Kf6 37. Rd4 Ke5 38. Rxb4 f4 39. a4 Rf7 40. c7 Rxc7 41. Rxe4+ Kf5 42. Rb4 Ke5 43. Kg2 Rxb7 44. Rxb7 Bd5+ 45. Kh3 Bxb7 46. Kg4 f3 47. b4 Ke4 48. b5 Kd3 49. a5 Ke2 50. a6 Bc8+ 51. Kxg5 Kxf2 52. a7 Bb7 0-1